| TOP OF THE 1ST |
|
San Antonio Missions batting - Pitching for Tulsa Drillers : RHP Alex Mora
|
|
Pitching: RHP Alex Mora
|
|
|
Batting: LHB Pat Aviles
|
0-0: Called Strike 0-1: Foul Ball, location: 2F 0-2: Ball 1-2: Ground out 5-3 (Groundball, 6, EV 82.5 MPH)
|
|
Batting: RHB Eric Sandell
|
0-0: Foul Ball, location: 2F 0-1: Ball 1-1: Ball 2-1: Fly out, F9 (Flyball, 89M, EV 83.1 MPH)
|
|
Batting: RHB Jesse White
|
0-0: Ball 1-0: Called Strike 1-1: Ball 2-1: Ground out 5-3 (Groundball, 56, EV 81.9 MPH)
|
| Top of the 1st over - 0 runs, 0 hits, 0 errors, 0 left on base; San Antonio 0 - Tulsa 0 |
| BOTTOM OF THE 1ST |
|
Tulsa Drillers batting - Pitching for San Antonio Missions : RHP John Mason
|
|
Pitching: RHP John Mason
|
|
|
Batting: RHB Jason Baldwin
|
0-0: Ball 1-0: Fly out, F9 (Flyball, 9, EV 91.2 MPH)
|
|
Batting: RHB Carlos Gonzalez
|
0-0: Ground out 5-3 (Groundball, 56, EV 103.1 MPH)
|
|
Batting: LHB Bobby Gonzalez
|
0-0: Ball 1-0: Ball 2-0: Fly out, F7 (Flyball, 7, EV 94.4 MPH)
|
| Bottom of the 1st over - 0 runs, 0 hits, 0 errors, 0 left on base; San Antonio 0 - Tulsa 0 |
| TOP OF THE 2ND |
|
San Antonio Missions batting - Pitching for Tulsa Drillers : RHP Alex Mora
|
|
Batting: RHB Chase Briney
|
0-0: Called Strike 0-1: Ground out 6-3 (Groundball, 6, EV 85.6 MPH)
|
|
Batting: RHB Caleb Russell
|
0-0: Ball 1-0: Called Strike 1-1: Ball 2-1: Ball 3-1: Foul Ball, location: 2F 3-2: SINGLE (Groundball, 5L, EV 86.2 MPH) (infield hit)
|
|
Batting: SHB Isaiah Scates
|
0-0: Ball 1-0: Called Strike 1-1: Ball 2-1: Ball 3-1: Called Strike 3-2: Foul Ball, location: 2F 3-2: Grounds into double play, 4-6-3 (Groundball, 4, EV 91.9 MPH)
|
| Top of the 2nd over - 0 runs, 1 hit, 0 errors, 0 left on base; San Antonio 0 - Tulsa 0 |
| BOTTOM OF THE 2ND |
|
Tulsa Drillers batting - Pitching for San Antonio Missions : RHP John Mason
|
|
Batting: LHB Nate Kee
|
0-0: Foul Ball, location: 2F 0-1: Ball 1-1: Called Strike 1-2: Foul Ball, location: 2F 1-2: Foul Ball, location: 2F 1-2: Foul Ball, location: 2F 1-2: Ball 2-2: Strikes out looking
|
|
Batting: RHB Justin Curran
|
0-0: Ball 1-0: Ball 2-0: Called Strike 2-1: Swinging Strike 2-2: Ball 3-2: Foul Ball, location: 2F 3-2: Strikes out looking
|
|
Batting: LHB Cory Bowler
|
0-0: Ball 1-0: Ball 2-0: Ball 3-0: Called Strike 3-1: Ground out 6-3 (Groundball, 6D, EV 100.6 MPH)
|
| Bottom of the 2nd over - 0 runs, 0 hits, 0 errors, 0 left on base; San Antonio 0 - Tulsa 0 |
| TOP OF THE 3RD |
|
San Antonio Missions batting - Pitching for Tulsa Drillers : RHP Alex Mora
|
|
Batting: RHB Mike MacLeod
|
0-0: Called Strike 0-1: Ball 1-1: Foul Ball, location: 2F 1-2: Ball 2-2: Ball 3-2: SINGLE (Line Drive, 9S, EV 96.9 MPH)
|
|
Batting: RHB Eric Erickson
|
0-0: Ball 1-0: DOUBLE (Line Drive, 7LM, EV 90.0 MPH) Mike MacLeod to third
|
|
Batting: RHB Marcus Dawson
|
0-0: Called Strike 0-1: DOUBLE (Line Drive, 8RXD, EV 108.8 MPH) Mike MacLeod scores Eric Erickson scores
|
|
Batting: LHB Pat Aviles
|
0-0: Ball 1-0: Ball 2-0: Foul Ball, location: 2F 2-1: Fly out, F8 (Flyball, 8LM, EV 76.2 MPH)
|
|
Batting: RHB Eric Sandell
|
0-0: Called Strike 0-1: Ball 1-1: Called Strike 1-2: Foul Ball, location: 2F 1-2: Foul Ball, location: 2F 1-2: Ball 2-2: Fly out, F6 (Popup, 6MD, EV 69.4 MPH)
|
|
Batting: RHB Jesse White
|
0-0: Called Strike 0-1: Fly out, F8 (Flyball, 8LD, EV 95.0 MPH)
|
| Top of the 3rd over - 2 runs, 3 hits, 0 errors, 1 left on base; San Antonio 2 - Tulsa 0 |
| BOTTOM OF THE 3RD |
|
Tulsa Drillers batting - Pitching for San Antonio Missions : RHP John Mason
|
|
Batting: RHB Jonathan Sotelo
|
0-0: Called Strike 0-1: Ball 1-1: Ground out 5-3 (Groundball, 5, EV 78.8 MPH)
|
|
Batting: RHB Jerry Blas
|
0-0: Ball 1-0: Called Strike 1-1: Foul Ball, location: 2F 1-2: Ground out 6-3 (Groundball, 6, EV 86.9 MPH)
|
|
Batting: LHB Joe Phillips
|
0-0: Called Strike 0-1: Ground out 4-3 (Groundball, 4, EV 80.6 MPH)
|
| Bottom of the 3rd over - 0 runs, 0 hits, 0 errors, 0 left on base; San Antonio 2 - Tulsa 0 |
| TOP OF THE 4TH |
|
San Antonio Missions batting - Pitching for Tulsa Drillers : RHP Alex Mora
|
|
Batting: RHB Chase Briney
|
0-0: Called Strike 0-1: Ball 1-1: Foul Ball, location: 2F 1-2: Strikes out swinging
|
|
Batting: RHB Caleb Russell
|
0-0: Called Strike 0-1: Ball 1-1: SINGLE (Groundball, 13S, EV 68.8 MPH) (infield hit)
|
|
Batting: SHB Isaiah Scates
|
0-0: Ball 1-0: Grounds into double play, 4-6-3 (Groundball, 4, EV 110.6 MPH)
|
| Top of the 4th over - 0 runs, 1 hit, 0 errors, 0 left on base; San Antonio 2 - Tulsa 0 |
| BOTTOM OF THE 4TH |
|
Tulsa Drillers batting - Pitching for San Antonio Missions : RHP John Mason
|
|
Batting: RHB Jason Baldwin
|
0-0: Foul Ball, location: 2F 0-1: Foul Ball, location: 2F 0-2: Foul Ball, location: 2F 0-2: Ball 1-2: DOUBLE (Line Drive, 3D, EV 110.0 MPH)
|
|
Batting: RHB Carlos Gonzalez
|
0-0: Ball 1-0: Called Strike 1-1: Foul Ball, location: 2F 1-2: Fly out, F9 (Flyball, 9LS, EV 87.5 MPH)
|
|
Batting: LHB Bobby Gonzalez
|
0-0: Foul Ball, location: 2F 0-1: Ball 1-1: Swinging Strike 1-2: Ball Passed Ball! Jason Baldwin to third 2-2: Strikes out swinging
|
|
Batting: LHB Nate Kee
|
0-0: Ball 1-0: Ball 2-0: Called Strike 2-1: Swinging Strike 2-2: Ground out 4-3 (Groundball, 4, EV 92.5 MPH)
|
| Bottom of the 4th over - 0 runs, 1 hit, 0 errors, 1 left on base; San Antonio 2 - Tulsa 0 |
| TOP OF THE 5TH |
|
San Antonio Missions batting - Pitching for Tulsa Drillers : RHP Alex Mora
|
|
Batting: RHB Mike MacLeod
|
0-0: Ball 1-0: Ball 2-0: Foul Ball, location: 2F 2-1: Foul Ball, location: 2F 2-2: Ground out 6-3 (Groundball, 6, EV 111.9 MPH)
|
|
Batting: RHB Eric Erickson
|
0-0: Called Strike 0-1: Foul Ball, location: 2F 0-2: Ball 1-2: Fly out, F7 (Flyball, 7, EV 95.0 MPH)
|
|
Batting: RHB Marcus Dawson
|
0-0: Ball 1-0: Called Strike 1-1: Ground out 4-3 (Groundball, 4, EV 87.5 MPH)
|
| Top of the 5th over - 0 runs, 0 hits, 0 errors, 0 left on base; San Antonio 2 - Tulsa 0 |
| BOTTOM OF THE 5TH |
|
Tulsa Drillers batting - Pitching for San Antonio Missions : RHP John Mason
|
|
Batting: RHB Justin Curran
|
0-0: Ground out 6-3 (Groundball, 6M, EV 81.9 MPH)
|
|
Batting: LHB Cory Bowler
|
0-0: Called Strike 0-1: Ball 1-1: Ground out 5-3 (Groundball, 5S, EV 85.6 MPH)
|
|
Batting: RHB Jonathan Sotelo
|
0-0: Called Strike 0-1: Swinging Strike 0-2: Ball 1-2: Foul Ball, location: 2F 1-2: SINGLE (Line Drive, 34, EV 98.8 MPH)
|
|
Batting: RHB Jerry Blas
|
0-0: Called Strike 0-1: Ball Jonathan Sotelo is caught stealing 2nd base 2-4
|
| Bottom of the 5th over - 0 runs, 1 hit, 0 errors, 0 left on base; San Antonio 2 - Tulsa 0 |
| TOP OF THE 6TH |
|
San Antonio Missions batting - Pitching for Tulsa Drillers : RHP Alex Mora
|
|
Batting: LHB Pat Aviles
|
0-0: Foul Ball, location: 2F 0-1: Called Strike 0-2: Ball 1-2: Foul Ball, location: 2F 1-2: Fly out, F8 (Flyball, 8RD, EV 100.0 MPH)
|
|
Batting: RHB Eric Sandell
|
0-0: Ball 1-0: Called Strike 1-1: Ball 2-1: Ball 3-1: Base on Balls
|
|
Batting: RHB Jesse White
|
0-0: Called Strike 0-1: Called Strike 0-2: Foul Ball, location: 2F 0-2: Ball 1-2: Foul Ball, location: 2F 1-2: Ball 2-2: Ball 3-2: Ground out U3 (Groundball, 3S, EV 76.9 MPH) Eric Sandell to second
|
|
Batting: RHB Chase Briney
|
0-0: Foul Ball, location: 2F 0-1: Ball 1-1: Called Strike 1-2: Fly out, F8 (Line Drive, 8LD, EV 96.9 MPH)
|
| Top of the 6th over - 0 runs, 0 hits, 0 errors, 1 left on base; San Antonio 2 - Tulsa 0 |
| BOTTOM OF THE 6TH |
|
Tulsa Drillers batting - Pitching for San Antonio Missions : RHP John Mason
|
|
Batting: RHB Jerry Blas
|
0-0: Foul Ball, location: 2F 0-1: Ball 1-1: Ball 2-1: Ball 3-1: Base on Balls
|
|
Batting: LHB Joe Phillips
|
0-0: Ball 1-0: SINGLE (Groundball, 34D, EV 99.4 MPH) Jerry Blas to second Runner from 2nd tries for 3rd, SAFE, throw by RF made to third
|
|
Batting: RHB Jason Baldwin
|
0-0: Ball 1-0: Foul Ball, location: 2F 1-1: Ball 2-1: Ball 3-1: Foul Ball, location: 2F 3-2: Ground out 4-3 (Groundball, 34S, EV 80.0 MPH) Jerry Blas scores Joe Phillips to second
|
|
Batting: RHB Carlos Gonzalez
|
0-0: Called Strike 0-1: Foul Ball, location: 2F 0-2: Strikes out looking
|
|
Batting: LHB Bobby Gonzalez
|
0-0: Foul Ball, location: 2F 0-1: Ball 1-1: Ground out 6-3 (Groundball, 4M, EV 80.6 MPH)
|
| Bottom of the 6th over - 1 run, 1 hit, 0 errors, 1 left on base; San Antonio 2 - Tulsa 1 |
| TOP OF THE 7TH |
|
San Antonio Missions batting - Pitching for Tulsa Drillers : RHP Alex Mora
|
|
Batting: RHB Caleb Russell
|
0-0: Ground out 4-3 (Groundball, 4, EV 96.9 MPH)
|
|
Batting: SHB Isaiah Scates
|
0-0: Ball 1-0: Ball 2-0: Foul Ball, location: 2F 2-1: Foul Ball, location: 2F 2-2: Ground out 4-3 (Groundball, 4D, EV 106.9 MPH)
|
|
Batting: RHB Mike MacLeod
|
0-0: Ball 1-0: Ball 2-0: Ball 3-0: Base on Balls
|
|
Batting: RHB Eric Erickson
|
0-0: Ball Wild Pitch! Mike MacLeod to second 1-0: Called Strike 1-1: Ball 2-1: Ball 3-1: Foul Ball, location: 2F 3-2: Base on Balls
|
|
Batting: RHB Marcus Dawson
|
0-0: Called Strike 0-1: Foul Ball, location: 2F 0-2: Ball 1-2: Ground out 4-3 (Groundball, 4, EV 86.9 MPH)
|
| Top of the 7th over - 0 runs, 0 hits, 0 errors, 2 left on base; San Antonio 2 - Tulsa 1 |
| BOTTOM OF THE 7TH |
|
Tulsa Drillers batting - Pitching for San Antonio Missions : RHP John Mason
|
|
Batting: LHB Nate Kee
|
0-0: Ball 1-0: Swinging Strike 1-1: Ball 2-1: Ball 3-1: Foul Ball, location: 2F 3-2: Foul Ball, location: 2F 3-2: Foul Ball, location: 2F 3-2: Foul Ball, location: 2F 3-2: Base on Balls
|
|
Batting: RHB Justin Curran
|
0-0: Called Strike 0-1: Foul Ball, location: 2F 0-2: Fly out, F6 (Popup, 6MD, EV 52.5 MPH)
|
|
Batting: LHB Cory Bowler
|
0-0: Called Strike Nate Kee steals 2nd base 0-1: Ball 1-1: SINGLE (Groundball, 5S, EV 65.0 MPH) (infield hit) Nate Kee to third
|
|
Batting: RHB Jonathan Sotelo
|
0-0: Ball 1-0: Ground out 4-3 (Groundball, 4, EV 83.8 MPH) Cory Bowler to second
|
|
Pitching: RHP Adrian de la Cerda
|
|
|
Batting: RHB Jerry Blas
|
0-0: Called Strike 0-1: Ground out 5-3 (Groundball, 56, EV 78.8 MPH)
|
| Bottom of the 7th over - 0 runs, 1 hit, 0 errors, 2 left on base; San Antonio 2 - Tulsa 1 |
| TOP OF THE 8TH |
|
San Antonio Missions batting - Pitching for Tulsa Drillers : RHP Alex Mora
|
|
Batting: LHB Pat Aviles
|
0-0: Ball 1-0: Ball 2-0: Foul Ball, location: 2F 2-1: Foul Ball, location: 2F 2-2: SINGLE (Line Drive, 34D, EV 103.1 MPH)
|
|
Pitching: RHP Jose Tavira
|
|
|
Batting: RHB Eric Sandell
|
0-0: Ball 1-0: Foul Ball, location: 2F 1-1: Foul Ball, location: 2F 1-2: SINGLE (Groundball, 34, EV 101.9 MPH) Pat Aviles to second Runner from 2nd tries for 3rd, SAFE, throw by RF made to third
|
|
Batting: RHB Jesse White
|
0-0: Ball 1-0: Ground out 5-3 (Groundball, 56, EV 81.2 MPH) Eric Sandell to second
|
|
Batting: RHB Chase Briney
|
0-0: 3-RUN HOME RUN (Flyball, 7D, EV 95.6 MPH), Distance : 347 ft
|
|
Batting: RHB Caleb Russell
|
0-0: Called Strike 0-1: Swinging Strike 0-2: Strikes out swinging
|
|
Batting: SHB Isaiah Scates
|
0-0: Ball 1-0: Called Strike 1-1: Ball 2-1: Foul Ball, location: 2F 2-2: Fly out, F4 (Line Drive, 4MD, EV 73.1 MPH)
|
| Top of the 8th over - 3 runs, 3 hits, 0 errors, 0 left on base; San Antonio 5 - Tulsa 1 |
| BOTTOM OF THE 8TH |
|
Tulsa Drillers batting - Pitching for San Antonio Missions : RHP Adrian de la Cerda
|
|
Batting: LHB Joe Phillips
|
0-0: Called Strike 0-1: Foul Ball, location: 2F 0-2: Ball 1-2: SINGLE (Groundball, 34D, EV 106.2 MPH)
|
|
Batting: RHB Jason Baldwin
|
0-0: Called Strike 0-1: Ball 1-1: Ball 2-1: Foul Ball, location: 2F 2-2: Ball 3-2: Base on Balls Joe Phillips to second
|
|
Batting: RHB Carlos Gonzalez
|
0-0: Swinging Strike 0-1: Fielders Choice at 2nd, 3-6 (Groundball, 34S, EV 83.1 MPH) Joe Phillips to third
|
|
Batting: LHB Bobby Gonzalez
|
0-0: Foul Ball, location: 2F 0-1: Ball 1-1: Fielders Choice at 2nd, 6-4 (Groundball, 6, EV 103.8 MPH) Joe Phillips scores
|
|
Batting: LHB Nate Kee
|
0-0: Swinging Strike 0-1: Ball 1-1: Ball 2-1: Called Strike 2-2: Foul Ball, location: 2F 2-2: Foul Ball, location: 2F 2-2: Ball 3-2: Base on Balls Bobby Gonzalez to second
|
|
Batting: RHB Justin Curran
|
0-0: Called Strike 0-1: Ball 1-1: Ball 2-1: Foul Ball, location: 2F 2-2: Foul Ball, location: 2F 2-2: Ball 3-2: Fly out, F9 (Line Drive, 9, EV 86.9 MPH)
|
| Bottom of the 8th over - 1 run, 1 hit, 0 errors, 2 left on base; San Antonio 5 - Tulsa 2 |
| TOP OF THE 9TH |
|
San Antonio Missions batting - Pitching for Tulsa Drillers : RHP Jose Tavira
|
|
Pinch Hitting: SHB Jorge Brito
|
0-0: Foul Ball, location: 2F 0-1: Ground out 6-3 (Groundball, 6D, EV 95.6 MPH)
|
|
Batting: RHB Eric Erickson
|
0-0: Called Strike 0-1: Ball 1-1: Called Strike 1-2: Ball 2-2: Strikes out swinging
|
|
Batting: RHB Marcus Dawson
|
0-0: Ball 1-0: Called Strike 1-1: Swinging Strike 1-2: Ground out 4-3 (Groundball, 4, EV 76.2 MPH)
|
| Top of the 9th over - 0 runs, 0 hits, 0 errors, 0 left on base; San Antonio 5 - Tulsa 2 |
| BOTTOM OF THE 9TH |
|
Tulsa Drillers batting - Pitching for San Antonio Missions : RHP Adrian de la Cerda
|
|
Pitching: RHP Andy Dunmire
|
|
|
Now at 1B: Niek de Haan
|
|
|
Now at 2B: Travis Carter
|
|
|
Now at 3B: Jorge Brito
|
|
|
Now in LF: Caleb Russell
|
|
|
Batting: LHB Cory Bowler
|
0-0: Called Strike 0-1: Ball 1-1: Foul Ball, location: 2F 1-2: Foul Ball, location: 2F 1-2: Strikes out swinging
|
|
Batting: RHB Jonathan Sotelo
|
0-0: Ball 1-0: Ball 2-0: Foul Ball, location: 2F 2-1: Swinging Strike 2-2: Strikes out swinging
|
|
Batting: RHB Jerry Blas
|
0-0: Ball 1-0: Ball 2-0: Foul Ball, location: 2F 2-1: Fly out, F9 (Line Drive, 9, EV 93.1 MPH)
|
| Bottom of the 9th over - 0 runs, 0 hits, 0 errors, 0 left on base; San Antonio 5 - Tulsa 2 |
|